 Dungeon Sprint DCSS version 0.31-a0-716-gc7603755dd (webtiles) character file.

Game seed: 14248179278702720069

31 rocky1 the Cudgeller (level 3, 0/36 HPs)
             Began as an Ogre Gladiator on Sept 11, 2023.
             Was an Initiate of Gozag.
             Slain by Sigmund
             ... wielding a +0 scythe
              (7 damage)
             ... in the Dungeon (Sprint VII: "The Pits").
             The game lasted 00:01:05 (327 turns).

rocky1 the Cudgeller (Ogre Gladiator)                Turns: 327, Time: 00:01:06

Health: 0/36       AC: 10    Str: 20    XL:     3   Next: 22%
Magic:  3/3        EV: 10    Int:  9    God:    Gozag
Gold:   468        SH:  0    Dex: 10    Spells: 2/2 levels left

rFire   . . .        q - +1 mace (protect)
rCold   . . .        (no shield)
rNeg    . . .        b - +0 robe
rPois   .            c - +0 hat
rElec   .            (no cloak)
rCorr   .            (gloves unavailable)
SInv    .            (boots unavailable)
Will    .....        (no amulet)
Stlth   +            (no ring)
HPRegen 0.26/turn    (no ring)
MPRegen 0.08/turn

%: no teleportation
@: gold aura, under a protective aura, on berserk cooldown, slowed, very slow
A: large, unfitting armour, tough skin 1
a: Renounce Religion, Potion Petition, Call Merchant, Bribe Branch


You were in the Dungeon.
You worshipped Gozag.
Gozag was aware of your devotion.
You visited 1 branch You collected 468 gold pieces.

Inventory:

Hand Weapons
 a - a +0 flail
 q - a +1 mace of protection (weapon)
Missiles
 d - 3 throwing nets (quivered)
 e - a large rock
 p - 3 boomerangs
Armour
 b - a +0 robe (worn)
 c - a +0 hat (worn)
Scrolls
 k - a scroll of blinking
 m - 2 scrolls of vulnerability
 n - 5 scrolls of amnesia
 o - a scroll of summoning
Potions
 f - 6 potions of curing
 g - 5 potions of heal wounds
 h - a potion of haste
 i - 4 potions of magic
 j - 2 potions of berserk rage
 l - 2 potions of invisibility


   Skills:
 - Level 2.6 Fighting
 + Level 6.2 Maces & Flails
 - Level 2.0 Throwing
 - Level 2.6 Dodging


You had 2 spell levels left.
You didn't know any spells.
Your spell library was empty.

Dungeon Overview and Level Annotations

Branches:
Dungeon (1/1)

Altars:
Ashenzari
Cheibriados
Dithmenos
Elyvilon
Fedhas
Gozag
Hepliaklqana
Kikubaaqudgha
Makhleb
Nemelex Xobeh
Okawaru
Qazlal
Ru
Sif Muna
Trog
Uskayaw
Vehumet
Wu Jian
Xom
Yredelemnul
Zin
The Shining One
Jiyva
Lugonu

Annotations:
D Edmund, Sigmund


Innate Abilities, Weirdness & Mutations

You are too large for most types of armour.
You have tough skin. (AC +1)


Message History

You closely miss something. You hit something. Something hits you.
You hit something. You miss something.
You hear some strange, mumbled words.
A magic dart appears from out of thin air!
The magic dart hits you.
You closely miss something. You thump Edmund!
Edmund is moderately wounded.
You hit Edmund.
Edmund is moderately wounded.
Something hits you.
You closely miss Edmund.
Edmund is moderately wounded.
Edmund hits you but does no damage.
You closely miss Edmund.
Edmund is moderately wounded.
Something hits you but does no damage.
Edmund hits you with a +0 flail of protection.
You hit Edmund.
Edmund is moderately wounded.
You are no longer berserk.
You are exhausted.
You feel yourself slow down.
Edmund hits you with a +0 flail of protection!
You barely miss Edmund.
Edmund is moderately wounded.
Something hits you.
* * * LOW HITPOINT WARNING * * *
Edmund hits you but does no damage.
You hit Edmund.
Edmund is moderately wounded.
Something hits you.
* * * LOW HITPOINT WARNING * * *
Edmund hits you with a +0 flail of protection.
* * * LOW HITPOINT WARNING * * *
Edmund misses you. Something hits you!
You die...
Your body crumbles into a pile of gold.

#...........'.....
#'#####)#####.....
#.#[[#.....##.....
#.#))#####'#####'#
#.#).#.....##.....
#.#))#.....##.....
#.#..###)####.....
#.##'#.....##...<.
#@#........##.....
#@#........##.....
#'###########.....
#l.....5# ######
#.###...# #.# .#
#.# #.. #..


You could see Edmund and a frilled lizard.

Vanquished Creatures
  An adder (D)
  A white imp (D)
  An adder skeleton (D)
  2 orcs (D)
  2 ball pythons (D)
  A bat zombie (D)
  A hobgoblin (D)
  A rat (D)
10 creatures vanquished.

Notes
Turn   | Place    | Note
-------+----------+-------------------------------------------
     0 | D        | rocky1 the Ogre Gladiator began the quest for the Orb.
     0 | D        | Reached XP level 1. HP: 22/22 MP: 1/1
    17 | D        | Reached skill level 3 in Maces & Flails
    43 | D        | Found a bloodstained altar of Trog.
    43 | D        | Found a shimmering blue altar of Sif Muna.
    43 | D        | Found a viscous altar of Jiyva.
    43 | D        | Found a hazy altar of Hepliaklqana.
    43 | D        | Found an opulent altar of Gozag.
    44 | D        | Found a glowing golden altar of the Shining One.
    44 | D        | Found a glowing silver altar of Zin.
    44 | D        | Found a basalt altar of Yredelemnul.
    44 | D        | Found a shimmering altar of Xom.
    44 | D        | Found an ornate altar of the Wu Jian Council.
    44 | D        | Found a sacrificial altar of Ru.
    44 | D        | Found a stormy altar of Qazlal.
    44 | D        | Found an iron altar of Okawaru.
    44 | D        | Found a sparkling altar of Nemelex Xobeh.
    44 | D        | Found a burning altar of Makhleb.
    44 | D        | Found a blossoming altar of Fedhas.
    44 | D        | Found a white marble altar of Elyvilon.
    44 | D        | Found a shadowy altar of Dithmenos.
    44 | D        | Found a snail-covered altar of Cheibriados.
    47 | D        | Found a corrupted altar of Lugonu.
    47 | D        | Found a radiant altar of Vehumet.
    48 | D        | Found an ancient bone altar of Kikubaaqudgha.
    48 | D        | Found a hide-covered altar of Uskayaw.
    48 | D        | Found a broken altar of Ashenzari.
    51 | D        | Became a worshipper of Gozag Ym Sagoz the Greedy
    66 | D        | Reached skill level 4 in Maces & Flails
   181 | D        | Reached skill level 5 in Maces & Flails
   181 | D        | Reached XP level 2. HP: 17/29 MP: 2/2
   245 | D        | Reached XP level 3. HP: 36/36 MP: 3/3
   298 | D        | Noticed Sigmund
   313 | D        | Reached skill level 6 in Maces & Flails
   313 | D        | Noticed Edmund
   327 | D        | Slain by Sigmund

Illustrated notes

Levels and vault maps discovered:
D:        pitsprint [storerooms_1, entrance_room_1, metal_vault_1, armoury_1,
          mini_pit_1, grid_room_1, main_hall_1, silver_pit, the_coven_3,
          the_vestibule_1, steel_vault_2, golden_pit, hallway_of_sentries,
          crystal_vault_1, iron_vault_4, final_vault]

Skill      XL: |  1  2  3 |
---------------+----------+-----
Maces & Flails | 5 6 |  6.2
Fighting       | |  2.6
Throwing       | |  2.0
Dodging        | |  2.6

Action                     || total
---------------------------++-------
  Melee: Flail             ||    23
         Punch             ||     1
         Mace              ||    18
    Use: Potion            ||     2
 Armour: Robe              ||    38
  Dodge: Dodged            ||    12

Table legend: (Time is in decaauts)
 A = Elapsed time spent in this place.
 B = Non-inter-level travel time spent in this place.
 C = Inter-level travel time spent in this place.
 D = Time resting spent in this place.
 E = Time spent auto-exploring this place.
 F = Levels seen in this place.
 G = Mean time per level.
                   A        B        C        D        E       F      G
               +--------+--------+--------+--------+--------+-----+--------+
         Total |    327 |    308 |     19 |    149 |      0 |   1 |  327.0 |
       Dungeon |    327 |    308 |     19 |    149 |      0 |   1 |  327.0 |
               +--------+--------+--------+--------+--------+-----+--------+

Top non-repeatable levels by time:
       D: 327 daAuts
